 Dungeon Crawl Stone Soup version 0.26-a0-859-gf57989e088 (webtiles) character file.

Game seed: 5363548745946726745

189 Gargoyl the Skirmisher (level 5, -1/47 HPs)
             Began as a Gnoll Abyssal Knight on Nov 25, 2020.
             Was a Believer of Lugonu.
             Slain by a wight
             ... wielding a +3 dire flail
              (8 damage)
             ... on level 2 of the Dungeon.
             The game lasted 00:03:09 (2401 turns).

Gargoyl the Skirmisher (Gnoll Abyssal Knight)       Turns: 2401, Time: 00:03:10

Health: -1/47      AC: 13    Str: 15    XL:     5   Next: 68%
Magic:  8/8        EV:  7    Int: 14    God:    Lugonu [**....]
Gold:   79         SH:  0    Dex: 15    Spells: 7/7 levels left

rFire    . . .     SeeInvis .   a - +3 hand axe
rCold    . . .     Faith    .   (no shield)
rNeg     . . .     Spirit   .   f - +1 chain mail
rPois    .         Reflect  .   d - +2 helmet
rElec    .         Harm     .   (no cloak)
rCorr    .         Rampage  .   (no gloves)
MR       .....                  (no boots)
Stlth    ..........             (no amulet)
HPRegen  0.15/turn              i - ring of stealth
MPRegen  0.11/turn              (no ring)

@: heavily drained
A: distributed training, fangs 1, strong nose
a: Depart the Abyss, Bend Space, Renounce Religion


You were on level 2 of the Dungeon.
You worshipped Lugonu.
Lugonu was pleased with you.
You visited 1 branch of the dungeon, and saw 3 of its levels.
You visited the Abyss 1 time.

You collected 79 gold pieces.

Inventory:

Hand Weapons
 a - a +3 hand axe (weapon)
Armour
 d - a +2 helmet (worn)
 f - a +1 chain mail (worn)
Jewellery
 i - a ring of stealth (left hand)
Scrolls
 c - 3 scrolls of blinking
 g - a scroll of identify
Potions
 b - a potion of resistance {unknown}
 e - 4 potions of mutation {unknown}
 h - 2 potions of lignification {unknown}


   Skills:
 + Level 6.7(5.4) Fighting
 + Level 1.6(0.4) Short Blades
 + Level 1.6(0.4) Long Blades
 + Level 4.8(3.6) Axes
 + Level 1.6(0.4) Maces & Flails
 + Level 1.6(0.4) Polearms
 + Level 1.6(0.4) Staves
 + Level 1.6(0.4) Slings
 + Level 1.6(0.4) Bows
 + Level 1.6(0.4) Crossbows
 + Level 1.6(0.4) Throwing
 + Level 4.8(3.6) Armour
 + Level 3.0(1.8) Dodging
 + Level 1.6(0.4) Stealth
 + Level 1.6(0.4) Shields
 + Level 1.6(0.4) Unarmed Combat
 + Level 1.6(0.4) Spellcasting
 + Level 1.2(0.1) Conjurations
 + Level 1.2(0.1) Hexes
 + Level 1.2(0.1) Summonings
 + Level 1.2(0.1) Necromancy
 + Level 1.2(0.1) Translocations
 + Level 1.2(0.1) Transmutations
 + Level 1.2(0.1) Fire Magic
 + Level 1.2(0.1) Ice Magic
 + Level 1.2(0.1) Air Magic
 + Level 1.2(0.1) Earth Magic
 + Level 1.2(0.1) Poison Magic
 + Level 4.9(3.6) Invocations
 + Level 1.6(0.4) Evocations


You had 7 spell levels left.
You didn't know any spells.
Your spell library was empty.

Dungeon Overview and Level Annotations

Branches:
Dungeon (3/15)

Altars:
Ru


Innate Abilities, Weirdness & Mutations

Your experience applies equally to all skills.
You have very sharp teeth.
Your uncanny sense of smell can sniff out nearby items.


Message History

You see here a +0 club.
There is an open door here.
There is a stone staircase leading up here.
The wight hits you with a +3 dire flail.
You climb upwards.
There is a stone staircase leading down here.
You hit the wight but do no damage.
The wight is heavily damaged.
The wight hits you but does no damage.
You hit the wight.
The wight is severely damaged.
The wight barely misses you.
You closely miss the wight.
The wight is severely damaged.
The wight hits you with a +3 dire flail!
* * * LOW HITPOINT WARNING * * *
You hit the wight.
The wight is almost destroyed.
The wight hits you with a +3 dire flail!
You die...

.≈.............# #.####.# #
.#......##.....#########....#.###
.#......##.##..#.................
.#########.##..#.#######....#)###
.#......##.##..#.## #..###.###
.######.##.#......######..##.(...
.######..#.#.................(###
.#..<...)..#.#.#..######..##.## #
≈#..............@.##......##.# #
≈####.#)#.##.#...z.......###.####
##....".#........................
###....#..#.#.......###.#.#.####
#....#....#....##.# ###.#.# #
#....#.#..#....##.# #.#.# #
#..............##.#####.#.## #
####.[#.#.##.##..###.##.......###
......#.........†# #.##.##.#.....


You could see a wight.

Vanquished Creatures
  A hound (D:3)
  An orc wizard (D:3)
  5 adders (D:2)
  2 oozes (D:2)
  A worm (D:2)
  A dart slug (D:2)
  6 leopard geckos
  5 orcs
  5 giant cockroaches
  6 goblins
  5 hobgoblins
  4 jackals (D:2)
  A quokka (D:3)
  A ball python (D:3)
  4 bats
  5 frilled lizards
  7 kobolds
  5 rats
65 creatures vanquished.

Notes
Turn   | Place    | Note
-------+----------+-------------------------------------------
     0 | Abyss:1  | Gargoyl the Gnoll Abyssal Knight began the quest for the
                  | Orb.
     0 | Abyss:1  | Reached XP level 1. HP: 23/23 MP: 3/3
   124 | Abyss:1  | Found a corrupted altar of Lugonu.
   147 | Abyss:1  | Noticed a catoblepas skeleton
   192 | Abyss:1  | Noticed an iron imp
   210 | Abyss:1  | Found a corrupted altar of Lugonu.
   255 | Abyss:1  | Noticed a great orb of eyes
   256 | D:1      | Escaped the Abyss
   398 | D:1      | Reached * piety under Lugonu
   399 | D:1      | Reached XP level 2. HP: 29/29 MP: 5/5
   651 | D:1      | Reached XP level 3. HP: 35/35 MP: 6/6
  1073 | D:2      | Reached skill level 1 in Short Blades
  1073 | D:2      | Reached skill level 1 in Long Blades
  1073 | D:2      | Reached skill level 1 in Maces & Flails
  1073 | D:2      | Reached skill level 1 in Polearms
  1073 | D:2      | Reached skill level 1 in Staves
  1073 | D:2      | Reached skill level 1 in Slings
  1073 | D:2      | Reached skill level 1 in Bows
  1073 | D:2      | Reached skill level 1 in Crossbows
  1073 | D:2      | Reached skill level 1 in Throwing
  1073 | D:2      | Reached skill level 1 in Stealth
  1073 | D:2      | Reached skill level 1 in Shields
  1073 | D:2      | Reached skill level 1 in Unarmed Combat
  1073 | D:2      | Reached skill level 1 in Spellcasting
  1073 | D:2      | Reached skill level 1 in Evocations
  1073 | D:2      | Reached XP level 4. HP: 41/41 MP: 7/7
  1348 | D:2      | Reached ** piety under Lugonu
  1481 | D:2      | Reached skill level 1 in Conjurations
  1481 | D:2      | Reached skill level 1 in Hexes
  1481 | D:2      | Reached skill level 1 in Summonings
  1481 | D:2      | Reached skill level 1 in Necromancy
  1481 | D:2      | Reached skill level 1 in Translocations
  1481 | D:2      | Reached skill level 1 in Transmutations
  1481 | D:2      | Reached skill level 1 in Fire Magic
  1481 | D:2      | Reached skill level 1 in Ice Magic
  1481 | D:2      | Reached skill level 1 in Air Magic
  1481 | D:2      | Reached skill level 1 in Earth Magic
  1481 | D:2      | Reached skill level 1 in Poison Magic
  1817 | D:2      | Found a sacrificial altar of Ru.
  2049 | D:3      | Reached XP level 5. HP: 47/47 MP: 8/8
  2401 | D:2      | Slain by a wight

Illustrated notes

Levels and vault maps discovered:
D:1:      scummos_arrival_simple_crosswalls, layout_rooms
D:2:      layout_basic, roderic_roman_lattice, nicolae_ru_path_of_blood
D:3:      layout_basic

Skill      XL: |  1  2  3  4  5 |
---------------+----------------+-----
Short Blades   | 1 |  1.6
Long Blades    | 1 |  1.6
Maces & Flails | 1 |  1.6
Polearms       | 1 |  1.6
Staves         | 1 |  1.6
Slings         | 1 |  1.6
Bows           | 1 |  1.6
Crossbows      | 1 |  1.6
Throwing       | 1 |  1.6
Stealth        | 1 |  1.6
Shields        | 1 |  1.6
Unarmed Combat | 1 |  1.6
Spellcasting   | 1 |  1.6
Evocations     | 1 |  1.6
Conjurations   | 1 |  1.2
Hexes          | 1 |  1.2
Summonings     | 1 |  1.2
Necromancy     | 1 |  1.2
Translocations | 1 |  1.2
Transmutations | 1 |  1.2
Fire Magic     | 1 |  1.2
Ice Magic      | 1 |  1.2
Air Magic      | 1 |  1.2
Earth Magic    | 1 |  1.2
Poison Magic   | 1 |  1.2
Dodging        | 3 |  3.0
Fighting       | |  6.7
Axes           | |  4.8
Armour         | |  4.8
Invocations    | |  4.9

Action                   |  1- 3 |  4- 6 || total
-------------------------+-------+-------++-------
Melee: Hand axe          |    63 |   136 ||   199
       Bite              |     3 |    17 ||    20
       Punch             |       |     2 ||     2
Invok: Depart the Abyss  |     1 |       ||     1
  Use: Scroll            |     5 |     4 ||     9
Armor: Leather armour    |    20 |       ||    20
       Chain mail        |    13 |    86 ||    99
Dodge: Dodged            |    51 |    57 ||   108

Table legend: (Time is in decaauts)
 A = Elapsed time spent in this place.
 B = Non-inter-level travel time spent in this place.
 C = Inter-level travel time spent in this place.
 D = Time resting spent in this place.
 E = Time spent auto-exploring this place.
 F = Levels seen in this place.
 G = Mean time per level.
                   A        B        C        D        E       F      G
               +--------+--------+--------+--------+--------+-----+--------+
         Total |   2415 |   2381 |     34 |    165 |   1641 |   4 |  603.8 |
       Dungeon |   2159 |   2125 |     34 |    165 |   1445 |   3 |  719.7 |
         Abyss |    256 |    256 |      0 |      0 |    196 |   1 |  256.0 |
               +--------+--------+--------+--------+--------+-----+--------+

Top non-repeatable levels by time:
     D:2: 1101 daAuts
     D:1: 685 daAuts
     D:3: 373 daAuts
 Abyss:1: 256 daAuts
